 Dungeon Crawl Stone Soup version 0.30-a0-557-ge2afbf3030 (webtiles) character file.

Game seed: 7810777132508319396

14959 billz999 the Reanimator (level 12, -3/81 HPs)
             Began as a Gnoll Necromancer on Dec 27, 2022.
             Was a Priest of Hepliaklqana.
             Slain by an ogre
             ... wielding a +0 giant club
             ... led by Lodul
              (16 damage)
             ... on level 11 of the Dungeon.
             The game lasted 00:31:59 (11077 turns).

billz999 the Reanimator (Gnoll Necromancer)        Turns: 11077, Time: 00:32:00

Health: -3/81      AC: 12    Str: 15    XL:     12   Next: 22%
Magic:  4/16       EV: 15    Int: 19    God:    Hepliaklqana [***...]
Gold:   350        SH:  0    Dex: 12    Spells: 13/29 levels left

rFire   . . .      SeeInvis .    I - +8 great sword of Fury {speed, rPois rC+++ Will++ MP-9}
rCold   + + +      Faith    .    (shield currently unavailable)
rNeg    . . .      Spirit   .    K - +2 robe {Will+}
rPois   +          Reflect  .    J - +2 helmet
rElec   .          Harm     .    j - +1 cloak
rCorr   .          Rampage  .    o - +0 pair of gloves
Will    ++++.                    H - +0 pair of boots
Stlth   ++++                     p - amulet of magic regeneration
HPRegen 0.33/turn                g - ring of willpower
MPRegen 0.55/turn                u - +6 ring of strength

@: animating dead
A: reduced essence, fangs 1, strong nose, distributed training
a: Renounce Religion, Recall Ancestor, Ancestor Identity, Transference


You were on level 11 of the Dungeon.
You worshipped Hepliaklqana.
Hepliaklqana was most pleased with you.
You visited 1 branch of the dungeon, and saw 11 of its levels.

You collected 713 gold pieces.
You spent 363 gold pieces at shops.

Inventory:

Hand Weapons
 s - the +7 falchion of Yxadip {freeze, rN+ Str+4 Int-2 Dex+4}
   (You found it on level 3 of the Dungeon)

   It freezes those it strikes, dealing additional cold damage.
   It can also slow down cold-blooded creatures.
   Str:       It affects your strength (+4).
   Int:       It affects your intelligence (-2).
   Dex:       It affects your dexterity (+4).
   rN:        It protects you from negative energy.
 I - the +8 great sword of Fury (weapon) {speed, rPois rC+++ Will++ MP-9}
   (You bought it in a shop on level 7 of the Dungeon)

   Attacks with this weapon are significantly faster.
   rC:        It renders you almost immune to cold.
   rPois:     It protects you from poison.
   MP:        It affects your magic capacity (-9).
   Will:      It greatly increases your willpower.
Missiles
 k - 25 poisoned darts
Armour
 j - a +1 cloak (worn)
 n - a +0 buckler
 o - a +0 pair of gloves (worn)
 y - a +0 pair of boots
 E - +0 steam dragon scales
 H - a +0 pair of boots (worn)
 J - a +2 helmet (worn)
 K - a +2 robe of willpower (worn)
Jewellery
 g - a ring of willpower (left hand)
 i - a ring of poison resistance
 p - an amulet of magic regeneration (around neck)
 u - a +6 ring of strength (right hand)
 L - a +4 ring of evasion
 P - an amulet of regeneration
 Q - a +4 ring of protection
Wands
 D - a wand of roots (22)
 G - a wand of light (12)
Scrolls
 e - 6 scrolls of amnesia
 f - 3 scrolls of fog
 l - 4 scrolls of teleportation
 q - a scroll of enchant weapon
 r - 3 scrolls of magic mapping
 t - a scroll of vulnerability {unknown}
 w - 2 scrolls of poison
 x - 2 scrolls of immolation {unknown}
 A - a scroll of enchant armour
 B - a scroll of noise {unknown}
 F - a scroll of brand weapon {unknown}
 M - a scroll of blinking
 O - a scroll of torment {unknown}
 S - a scroll of fear {unknown}
Potions
 a - 2 potions of brilliance {unknown}
 b - a potion of magic
 c - 2 potions of heal wounds
 d - 2 potions of flight
 h - 2 potions of curing
 m - 2 potions of lignification {unknown}
 v - a potion of attraction {unknown}
 z - 3 potions of degeneration {unknown}
 C - a potion of mutation {unknown}
 N - a potion of haste


   Skills:
 + Level 7.3 Fighting
 + Level 7.3 Short Blades
 + Level 7.3 Long Blades
 + Level 7.3 Axes
 + Level 7.3 Maces & Flails
 + Level 7.3 Polearms
 + Level 7.3 Staves
 + Level 7.3 Ranged Weapons
 + Level 7.3 Throwing
 + Level 7.3 Armour
 + Level 8.7 Dodging
 + Level 8.5 Stealth
 + Level 7.3 Shields
 + Level 7.3 Unarmed Combat
 + Level 9.0 Spellcasting
 + Level 6.1 Conjurations
 + Level 6.1 Hexes
 + Level 6.1 Summonings
 + Level 9.4 Necromancy
 + Level 6.1 Translocations
 + Level 6.1 Transmutations
 + Level 6.1 Fire Magic
 + Level 6.1 Ice Magic
 + Level 6.1 Air Magic
 + Level 6.1 Earth Magic
 + Level 6.1 Poison Magic
 + Level 8.0 Invocations
 + Level 7.3 Evocations


You had 13 spell levels left.
You knew the following spells:

 Your Spells              Type           Power      Damage    Failure   Level
a - Necrotise             Necr           100%       1d9       1%          1
b - Vampiric Draining     Necr           44%        2d9       1%          3
c - Animate Dead          Necr           44%        N/A       1%          4
d - Spider Form           Tmut/Pois      31%        N/A       1%          3
e - Agony                 Necr           44%        N/A       4%          5

Your spell library contained the following spells:

 Spells                   Type           Power      Damage    Failure   Level
 Beastly Appendage        Tmut           62%        N/A       1%          1
 Wereblood                Tmut           31%        N/A       1%          2


Dungeon Overview and Level Annotations

Branches:
Dungeon (11/15)            Temple (0/1) D:7            Lair (0/5) D:11
    Orc (0/2) D:11

Altars:
Ashenzari
Cheibriados
Elyvilon
Hepliaklqana
Makhleb
Nemelex Xobeh
Sif Muna
Trog
Wu Jian
Xom
The Shining One

Shops:
D:6 *[*!?   D:7 !:(*   D:8 [


Innate Abilities, Weirdness & Mutations

Your life essence is reduced to manifest your ancestor. (-10% HP)
You have very sharp teeth.
Your uncanny sense of smell can sniff out nearby items.
Your experience applies equally to all skills.


Message History

Confirm with . or Enter, or press ? or * to list all spells.
Aiming: Vampiric Draining (safe; 1% risk of failure)
Press: ? - help, Shift-Dir - straight line, f/p - yak
Aim: a yak (severely wounded, ally target)
You draw life force from the yak!
You feel life coursing into your body. The yak gores you but does no damage.
The ogre misses you. The yak misses you.
Your ogre zombie hits the yak but does no damage.
You slice the yak!!
You kill the yak!
The dead are walking!
The yak gores you!
You slash the yak!
The yak is moderately wounded.
The ogre hits you with a +0 giant club. The yak closely misses you.
Your ogre zombie hits the yak!
You barely miss the yak.
The yak is severely wounded.
The yak gores you.
You hit the yak. You bite the yak, but do no damage.
The yak is severely wounded.
Unknown command.
Okay, then.
Okay, then.
You slash the yak!
You kill the yak!
The dead are walking!
The ogre closely misses you.
The ogre hits you with a +0 giant spiked club!!
* * * LOW HITPOINT WARNING * * *
Your yak zombie gores the ogre.
Your ogre zombie hits the ogre but does no damage.
You hear a shout!
Unknown command.
As you read the scroll labelled GOSIMY ACAU, it crumbles to dust.
You feel aware of your surroundings.
You sensed 1 altar, and 2 shops/portals.
It was a scroll of magic mapping.
Something shouts, "Escape, thou bootless saucy zombie-fodder!"
Something shouts, "Accept thy failure, thou defiled nut-hook pustule!"
You hear a shout! x3
The ogre hits you with a +0 giant club!
You die...

.###...##'####...#***,,**,,,**,,,
#**######...##...#####+**,,,**,,,
*,,,,,#....#..........,∆,,,,,,,,
*,,,,,#....#..<......,,,,,,,,,,,
*,,,,,#....'.........,,,,,,**,,,
*,,,,,#....#......##.,,,,,,**,,,
*,,,,,#....#....Z.#######****,,,
***,,,,##...##..OOZ.......,,,,,,,
,,*,,,,*#...##.Z@O5.......,,,,,,,
,,,,,,,,....######5#>.....,,,,,,,
,,,,,,,.....#*,,,..#*.....,,,,,,,
,,,,,,.......,,,OOYO+,....,,,,,,,
,,,,,,,,,,,,,,,.OYO##**+##****,,,
,,,,,,,,,,,,,,.....#*,,,,,,,**,,,
,,,,,,,**,,,*#......,,,,,,,,****+
***,,,,,,,,,*#......>,,,,,,,,*,,,
***,,,,,,,,,**,,,,,**,,,,,,,,*,,,


You could see 3 ogres, 2 white imps, 2 friendly yak zombies and a friendly ogre
zombie.

Vanquished Creatures
  2 two-headed ogres
  Sonja (D:10)
  Lodul (D:11)
  Pikel (D:7)
  A deep elf pyromancer (D:9)
  A cyclops (D:9)
  A troll (D:10)
  2 hornets
  A shadow (D:10)
  2 wraiths
  Eustachio (D:6)
  5 steam dragons
  6 yaks
  2 acid dragons (D:10)
  3 water moccasins
  4 ice beasts
  2 orc warriors
  6 ogres
  A centaur (D:9)
  4 bullfrogs
  3 kobold brigands
  A necrophage (D:5)
  2 scorpions
  3 wights (D:8)
  7 killer bees
  10 howler monkeys
  2 jellies
  3 orc priests
  Crazy Yiuf (D:6)
  Ijyb (D:5)
  6 iguanas
  6 orc wizards
  5 adders
  3 gnolls (D:7)
  A howler monkey simulacrum (D:9)
  2 ufetubi
  4 worms
  A dart slug (D:2)
  11 orcs
  7 ball pythons
  5 bats
  6 endoplasms
  13 giant cockroaches
  9 hobgoblins
  6 jackals (D:3)
  2 quokkas
  2 frilled lizards (D:2)
  7 goblins
  22 kobolds
  10 rats
208 creatures vanquished.

Vanquished Creatures (collateral kills)
  Erolcha (D:9)
  A two-headed ogre (D:9)
  A catoblepas (D:9)
  A centaur warrior (D:9)
  An ugly thing (D:9)
  3 cyclopes (D:9)
  A hornet (D:8)
  A yak (D:10)
  An ice beast (D:7)
  An orc warrior (D:9)
  A centaur (D:9)
  A wight (D:8)
  5 killer bees (D:9)
  A jelly (D:6)
  2 orc priests
  An iguana (D:7)
  3 orc wizards
  An adder (D:5)
  A worm (D:3)
  A dart slug (D:5)
  7 orcs
  An endoplasm (D:1)
  4 goblins
  A kobold (D:8)
  A bat (D:1)
  A rat (D:1)
44 creatures vanquished.

Vanquished Creatures (others)
  A two-headed ogre zombie (D:11)
  2 battlemagi
  5 killer bee zombies (D:9)
  An ice beast zombie (D:7)
  An ogre zombie (D:11)
  2 howler monkey zombies (D:8)
  4 giant cockroach zombies (D:3)
  A gnoll zombie (D:7)
  6 kobold zombies
  An orc zombie (D:7)
24 creatures vanquished.

Grand Total: 276 creatures vanquished

Notes
Turn   | Place    | Note
-------+----------+-------------------------------------------
     0 | D:1      | billz999 the Gnoll Necromancer began the quest for the Orb.
     0 | D:1      | Reached XP level 1. HP: 13/13 MP: 6/6
   213 | D:1      | Reached XP level 2. HP: 19/19 MP: 5/7
   634 | D:1      | Reached skill level 5 in Spellcasting
   634 | D:1      | Reached XP level 3. HP: 24/25 MP: 2/9
  1325 | D:2      | Reached skill level 1 in Invocations
  1608 | D:2      | Reached skill level 1 in Fighting
  1608 | D:2      | Reached skill level 1 in Short Blades
  1608 | D:2      | Reached skill level 1 in Long Blades
  1608 | D:2      | Reached skill level 1 in Axes
  1608 | D:2      | Reached skill level 1 in Maces & Flails
  1608 | D:2      | Reached skill level 1 in Polearms
  1608 | D:2      | Reached skill level 1 in Staves
  1608 | D:2      | Reached skill level 1 in Ranged Weapons
  1608 | D:2      | Reached skill level 1 in Throwing
  1608 | D:2      | Reached skill level 1 in Armour
  1608 | D:2      | Reached skill level 1 in Shields
  1608 | D:2      | Reached skill level 1 in Unarmed Combat
  1608 | D:2      | Reached skill level 1 in Evocations
  1738 | D:2      | Learned a level 3 spell: Vampiric Draining
  2001 | D:2      | Reached XP level 4. HP: 32/32 MP: 9/11
  2731 | D:3      | Learned a level 4 spell: Animate Dead
  2758 | D:3      | Noticed an ogre
  2765 | D:3      | Killed an ogre
  2766 | D:3      | Reached skill level 1 in Conjurations
  2766 | D:3      | Reached skill level 1 in Hexes
  2766 | D:3      | Reached skill level 1 in Summonings
  2766 | D:3      | Reached skill level 1 in Translocations
  2766 | D:3      | Reached skill level 1 in Transmutations
  2766 | D:3      | Reached skill level 1 in Fire Magic
  2766 | D:3      | Reached skill level 1 in Ice Magic
  2766 | D:3      | Reached skill level 1 in Air Magic
  2766 | D:3      | Reached skill level 1 in Earth Magic
  2766 | D:3      | Reached skill level 1 in Poison Magic
  2766 | D:3      | Reached XP level 5. HP: 26/37 MP: 2/12
  2855 | D:3      | Found an ornate altar of the Wu Jian Council.
  2977 | D:3      | Reached XP level 6. HP: 35/44 MP: 5/13
  3014 | D:3      | Found a shimmering blue altar of Sif Muna.
  3276 | D:3      | Identified the +7 falchion of Yxadip {freeze, rN+ Str+4
                  | Int-2 Dex+4}
  3613 | D:3      | Reached skill level 5 in Dodging
  3643 | D:3      | Found a sparkling altar of Nemelex Xobeh.
  4139 | D:4      | Found a shimmering altar of Xom.
  4308 | D:4      | You fall into a shaft and drop 2 floors!
  4314 | D:5      | Entered Level 5 of the Dungeon
  4332 | D:5      | Reached XP level 7. HP: 43/51 MP: 4/15
  4457 | D:5      | Reached skill level 5 in Stealth
  4491 | D:5      | Found a hazy altar of Hepliaklqana.
  4513 | D:5      | Became a worshipper of Hepliaklqana the Forgotten
  4537 | D:5      | Noticed a wraith
  4575 | D:5      | Killed a wraith
  4576 | D:5      | Reached XP level 8. HP: 30/58 MP: 16/16
  4660 | D:5      | Found a broken altar of Ashenzari.
  4879 | D:5      | Noticed Ijyb
  4884 | D:5      | Killed Ijyb
  5410 | D:6      | Reached XP level 9. HP: 65/65 MP: 15/18
  5593 | D:6      | Learned a level 3 spell: Spider Form
  5631 | D:6      | Found Opozenai's Antique Armour Shoppe.
  5755 | D:6      | Found Masumn's Assorted Antiques.
  5785 | D:6      | Found Aphoatel's Distillery.
  5829 | D:6      | Bought a potion of heal wounds for 65 gold pieces
  5942 | D:6      | Noticed Eustachio
  5949 | D:6      | Killed Eustachio
  6108 | D:6      | Reached * piety under Hepliaklqana
  6131 | D:6      | Found Kotix's Magic Scroll Shoppe.
  6135 | D:6      | Bought a scroll of teleportation for 45 gold pieces
  6443 | D:6      | Found Hutepn's General Store.
  6465 | D:6      | Found a runed translucent door.
  6466 | D:6      | Noticed Crazy Yiuf
  6516 | D:6      | Killed Crazy Yiuf
  6517 | D:6      | Reached skill level 5 in Invocations
  6606 | D:7      | Noticed Pikel
  6628 | D:7      | Killed Pikel
  6809 | D:7      | Found a staircase to the Ecumenical Temple.
  6872 | D:7      | Reached skill level 5 in Fighting
  6872 | D:7      | Reached skill level 5 in Short Blades
  6872 | D:7      | Reached skill level 5 in Long Blades
  6872 | D:7      | Reached skill level 5 in Axes
  6872 | D:7      | Reached skill level 5 in Maces & Flails
  6872 | D:7      | Reached skill level 5 in Polearms
  6872 | D:7      | Reached skill level 5 in Staves
  6872 | D:7      | Reached skill level 5 in Ranged Weapons
  6872 | D:7      | Reached skill level 5 in Throwing
  6872 | D:7      | Reached skill level 5 in Armour
  6872 | D:7      | Reached skill level 5 in Shields
  6872 | D:7      | Reached skill level 5 in Unarmed Combat
  6872 | D:7      | Reached skill level 5 in Evocations
  6875 | D:7      | Reached XP level 10. HP: 66/66 MP: 8/20
  6907 | D:7      | Found Yjotz's Antique Weapon Shoppe.
  6909 | D:7      | Found Noomiyg's Book Shoppe.
  6923 | D:7      | Reached ** piety under Hepliaklqana
  6938 | D:7      | Found Riniluph's Distillery.
  6939 | D:7      | Remembered your ancestor Njabulo as a battlemage
  7101 | D:7      | Found Enukkuof's General Store.
  7189 | D:7      | Bought a blackened great sword for 253 gold pieces
  7189 | D:7      | Identified the +8 great sword of Fury {speed, rPois rC+++
                  | Will++ MP-9} (You bought it in a shop on level 7 of the
                  | Dungeon)
  7205 | D:7      | Found a white marble altar of Elyvilon.
  7527 | D:7      | Found a burning altar of Makhleb.
  7685 | D:7      | Found a glowing golden altar of the Shining One.
  8036 | D:8      | Learned a level 5 spell: Agony
  8443 | D:8      | Reached *** piety under Hepliaklqana
  8724 | D:8      | Found Dokhymp's Antique Armour Emporium.
  8903 | D:9      | Noticed a two-headed ogre
  8909 | D:9      | Killed a two-headed ogre
  9188 | D:9      | Noticed Erolcha
  9194 | D:9      | Killed Erolcha
  9195 | D:9      | Reached skill level 5 in Conjurations
  9195 | D:9      | Reached skill level 5 in Hexes
  9195 | D:9      | Reached skill level 5 in Summonings
  9195 | D:9      | Reached skill level 5 in Translocations
  9195 | D:9      | Reached skill level 5 in Transmutations
  9195 | D:9      | Reached skill level 5 in Fire Magic
  9195 | D:9      | Reached skill level 5 in Ice Magic
  9195 | D:9      | Reached skill level 5 in Air Magic
  9195 | D:9      | Reached skill level 5 in Earth Magic
  9195 | D:9      | Reached skill level 5 in Poison Magic
  9195 | D:9      | Reached XP level 11. HP: 72/72 MP: 9/23
  9256 | D:9      | Found a snail-covered altar of Cheibriados.
  9299 | D:9      | Noticed a two-headed ogre
  9309 | D:9      | Killed a two-headed ogre
  9361 | D:9      | Noticed a catoblepas
  9370 | D:9      | Killed a catoblepas
  9429 | D:9      | Noticed a cyclops
  9435 | D:9      | Killed a cyclops
  9478 | D:9      | Noticed a cyclops
  9482 | D:9      | Noticed a deep elf pyromancer
  9485 | D:9      | Killed a cyclops
  9524 | D:9      | Noticed a cyclops
  9531 | D:9      | Killed a cyclops
  9721 | D:9      | Noticed a centaur warrior
  9729 | D:9      | Killed a centaur warrior
  9826 | D:9      | Noticed a cyclops
  9826 | D:9      | Noticed a white ugly thing
  9837 | D:9      | Killed a deep elf pyromancer
  9837 | D:9      | Killed a white ugly thing
  9843 | D:9      | Killed a cyclops
 10022 | D:9      | Found a bloodstained altar of Trog.
 10264 | D:10     | Entered Level 10 of the Dungeon
 10272 | D:10     | Noticed Sonja
 10278 | D:10     | Killed Sonja
 10426 | D:10     | Reached **** piety under Hepliaklqana
 10615 | D:10     | Reached XP level 12. HP: 34/81 MP: 5/24
 11032 | D:11     | Found a staircase to the Orcish Mines.
 11041 | D:11     | Noticed Lodul
 11041 | D:11     | Noticed a two-headed ogre
 11051 | D:11     | Killed a two-headed ogre
 11065 | D:11     | Killed Lodul
 11077 | D:11     | Slain by an ogre

Illustrated notes

Levels and vault maps discovered:
D:1:      lemuel_arrival_muddy, layout_basic, minmay_misc_feat_more_columns
D:2:      layout_basic, wander_ebering_terrifying_dragon_lair
D:3:      minmay_roachtagon, layout_basic, nemelex_xobeh_ov_fountains_minmay,
          nzn_wu_jian_council_hall, nicolae_sif_muna_condensation
D:4:      layout_layer_cave, mainiacjoe_overflow_surrounded_room,
          kennysheep_generic_room_3
D:5:      layout_basic, nicolae_overflow_crystal_walls,
          mainiacjoe_overflow_tiny_flanked, uniq_ijyb
D:6:      cheibrodos_steamvent, layout_loops_ring, serial_shops, shop,
          nicolae_shop_waterfront, shop, kennysheep_mini, shop,
          grunt_decor_arrowhead, uniq_eustachio, uniq_crazy_yiuf_cottage
D:7:      layout_loops_corners, mainiacjoe_overflow_paths,
          overflow_temple_1_default, lightli_temple_of_fire,
          minmay_temple_entry_wispy, enter_bailey_4, serial_shops,
          nicolae_shop_advertising_works [nicolae_subvault_shop_adworks], shop,
          nicolae_square_shop, nicolae_shop_statue_plus, uniq_pikel
D:8:      layout_loops_corners, serial_shops, shop
D:9:      layout_small_grid, kennysheep_mini_moat, lemuel_crystal_altar,
          minmay_evil_grid, uniq_erolcha
D:10:     layout_basic, kennysheep_potato, uniq_sonja
D:11:     layout_gridville, erik_lair_dragon, orc_0_dummy, serial_shops,
          nicolae_shop_waterfront, portal_ice_cave_entry_imps, jiyva_altar_1,
          uniq_lodul

Skill      XL: |  1  2  3  4  5  6  7  8  9 10 11 12 |
---------------+-------------------------------------+-----
Spellcasting   | 5 6 7 8 9 |  9.0
Invocations    | 1 2 3 4 5 6 7 8 |  8.0
Fighting       | 1 2 3 5 6 7 |  7.3
Short Blades   | 1 2 3 5 6 7 |  7.3
Long Blades    | 1 2 3 5 6 7 |  7.3
Axes           | 1 2 3 5 6 7 |  7.3
Maces & Flails | 1 2 3 5 6 7 |  7.3
Polearms       | 1 2 3 5 6 7 |  7.3
Staves         | 1 2 3 5 6 7 |  7.3
Ranged Weapons | 1 2 3 5 6 7 |  7.3
Throwing       | 1 2 3 5 6 7 |  7.3
Armour         | 1 2 3 5 6 7 |  7.3
Shields        | 1 2 3 5 6 7 |  7.3
Unarmed Combat | 1 2 3 5 6 7 |  7.3
Evocations     | 1 2 3 5 6 7 |  7.3
Conjurations   | 1 2 3 4 5 6 |  6.1
Hexes          | 1 2 3 4 5 6 |  6.1
Summonings     | 1 2 3 4 5 6 |  6.1
Translocations | 1 2 3 4 5 6 |  6.1
Transmutations | 1 2 3 4 5 6 |  6.1
Fire Magic     | 1 2 3 4 5 6 |  6.1
Ice Magic      | 1 2 3 4 5 6 |  6.1
Air Magic      | 1 2 3 4 5 6 |  6.1
Earth Magic    | 1 2 3 4 5 6 |  6.1
Poison Magic   | 1 2 3 4 5 6 |  6.1
Dodging        | 5 6 7 8 |  8.7
Stealth        | 5 6 7 8 |  8.5
Necromancy     | 8 9 |  9.4

Action                   |  1- 3 |  4- 6 |  7- 9 | 10-12 || total
-------------------------+-------+-------+-------+-------++-------
Melee: Unarmed           |     3 |       |       |       ||     3
       Bite              |     1 |     5 |     8 |    10 ||    24
       Dagger            |       |    20 |       |       ||    20
       Falchion          |       |    19 |    51 |     2 ||    72
       Great sword       |       |       |       |   111 ||   111
 Cast: Necrotise         |    59 |    72 |    72 |    50 ||   253
       Vampiric Draining |     1 |    21 |    67 |    72 ||   161
       Animate Dead      |       |     6 |     7 |    12 ||    25
Invok: Recall Ancestor   |       |       |     1 |     2 ||     3
       Ancestor Life: Ba |       |       |       |     1 ||     1
Evoke: Wand              |       |       |       |     2 ||     2
  Use: Scroll            |       |     4 |     4 |     2 ||    10
       Potion            |       |       |     2 |     3 ||     5
 Stab: Sleeping          |     1 |     3 |     2 |     5 ||    11
Armor: Robe              |     1 |    17 |    20 |    81 ||   119
       Steam dragon scal |       |       |    13 |    18 ||    31
Dodge: Dodged            |     5 |    44 |    92 |   171 ||   312
Block: Buckler           |       |    11 |    29 |     3 ||    43

Table legend: (Time is in decaauts)
 A = Elapsed time spent in this place.
 B = Non-inter-level travel time spent in this place.
 C = Inter-level travel time spent in this place.
 D = Time resting spent in this place.
 E = Time spent auto-exploring this place.
 F = Levels seen in this place.
 G = Mean time per level.
                   A        B        C        D        E       F      G
               +--------+--------+--------+--------+--------+-----+--------+
         Total |  11130 |  10642 |    488 |    500 |   8586 |  11 | 1011.8 |
       Dungeon |  11130 |  10642 |    488 |    500 |   8586 |  11 | 1011.8 |
               +--------+--------+--------+--------+--------+-----+--------+

Top non-repeatable levels by time:
     D:6: 1528 daAuts
     D:2: 1467 daAuts
     D:9: 1395 daAuts
     D:7: 1291 daAuts
     D:3: 1257 daAuts
     D:1: 1236 daAuts
     D:8: 1010 daAuts
     D:5: 793 daAuts
    D:10: 724 daAuts
     D:4: 345 daAuts
    D:11: 79 daAuts
